 Dungeon Crawl Stone Soup version 0.14-a0-1313-gb2df4ef (webtiles) character file.

1379 Jenx the Basher (level 8, -1/46 HPs)
             Began as a Gargoyle Berserker on Dec 5, 2013.
             Was an Elder of Trog.
             Slain by Gastronok (23 damage)
             ... on Level 8 of the Dungeon.
             The game lasted 00:18:20 (5208 turns).

Jenx the Basher (Gargoyle Berserker)                Turns: 5208, Time: 00:18:20

HP  -1/46        AC 15     Str 23      XL: 8   Next: 43%
MP  14/14        EV 10     Int  8      God: Trog [****..]
Gold 187         SH  0     Dex  9      Spells:  0 memorised,  7 levels left

rFire  + . .     SeeInvis .     a - +0,+1 orc flail
rCold  . . .     Clarity  .     j - +1 dwarf ring mail
rNeg   + . .     Conserve .     (no shield)
rPois  +         rCorr    .     k - +1 helmet
rElec  +         rRot     +     D - +0 cloak
SustAb . .       Spirit   .     (no gloves)
rMut   .         Warding  .     (no boots)
Saprov . . .     Stasis   .     (no amulet)
                                t - ring of protection from fire
                                m - ring of flight

@: regenerating, exhausted, slowed, very slow, very resistant to hostile
enchantments, extremely unstealthy
A: life protection 1, electricity resistance, unbreathing, petrification
resistance, AC +5
a: Burn Spellbooks, Berserk, Trog's Hand, Brothers in Arms, Renounce Religion,
Evoke Flight


You were on level 8 of the Dungeon.
You worshipped Trog.
Trog was greatly pleased with you.
You were very hungry.

You visited 2 branches of the dungeon, and saw 9 of its levels.

You collected 235 gold pieces.
You spent 48 gold pieces at shops.

Inventory:

Hand weapons
 a - a +0,+1 orcish flail (weapon)
Missiles
 y - 5 javelins (quivered)
Armour
 j - a +1 dwarven ring mail (worn)
 k - a +1 helmet (worn)
 D - a +0 cloak (worn)
Magical devices
 s - a wand of frost (1)
 u - a wand of frost (15)
 E - a wand of paralysis (17) {unknown}
Comestibles
 c - 4 bread rations
 r - a pear
 C - a rambutan
Scrolls
 b - 4 scrolls of enchant weapon I {unknown}
 d - 2 scrolls of teleportation
 g - 3 scrolls of fog {unknown}
 i - a scroll of blinking
 l - a scroll of noise {unknown}
 p - 2 scrolls of remove curse
 q - 2 scrolls of identify
 x - 3 scrolls of enchant weapon II {unknown}
 F - a scroll of curse jewellery {unknown}
Jewellery
 f - a cursed ring of teleportation
 m - a ring of flight (left hand)
 t - a ring of protection from fire (right hand)
Potions
 e - 2 potions of lignification {unknown}
 h - 4 potions of curing
 n - a potion of degeneration {unknown}
 o - a potion of speed {unknown}
 v - a potion of agility {unknown}
 w - a potion of restore abilities {unknown}
 A - a potion of invisibility {unknown}
 B - a potion of heal wounds {unknown}
Books
 z - a book of Alchemy

   Spells                             Type                      Level
   Lethal Infusion                    Charms/Necromancy            2
   Sublimation of Blood               Necromancy                   2
   Condensation Shield                Ice                          4
   Alistair's Intoxication            Transmutation/Poison         4
   Petrify                            Transmutation/Earth          4
   Ignite Poison                      Fire/Transmutation           5
   Trog disapproves of the use of such an item.


   Skills:
 - Level 3.2 Fighting
 * Level 9.7 Maces & Flails
 - Level 2.1 Armour
 - Level 1.5 Dodging
 + Level 4.8 Evocations


You had 7 spell levels left.
You didn't know any spells.

Dungeon Overview and Level Annotations

Branches:
Dungeon (8/16)             Temple (1/1) D:6
   Lair: D:8-11

Altars:
Elyvilon
Kikubaaqudgha
Sif Muna
Vehumet
Xom
Zin
the Shining One

Shops:
D:4 *

Annotations:
D:8 Gastronok


Innate Abilities, Weirdness & Mutations

You are resistant to torment.
You are immune to poison.
Your stone body is very resilient (AC +5).
You resist negative energy.
You are resistant to electric shocks.
You can survive without breathing.
You are immune to petrification.


Message History

You sock Gastronok!
Gastronok is heavily wounded.
You are no longer berserk.
You are exhausted.
You feel yourself slow down.
You are feeling very hungry.
You hit Gastronok.
Gastronok is heavily wounded.
Gastronok bites you.
Use which ability? (? or * to list)
Your skin crawls.
You feel resistant to hostile enchantments.
You feel slightly more hungry. Gastronok bites you but does no damage.
You hit Gastronok.
Gastronok is heavily wounded.
You hit Gastronok.
Gastronok is heavily wounded.
Gastronok bites you!
Ouch! That really hurt!
You die...

#...##.# #...##.# #.......
#...##.# #...##.#
#####...##.######....
#.....<...............
#§§.§...##.######......
#!._§..###@# #..j..;≈
#.§.§§.# #j# #.......≈
#.§....# #.# #....(..≈
#####..# #.# #........
######..###.######........≈
#..<....................={≈
#.###........#####.......≈≈
# #.......... ...>...≈.
#........## #######...


You could see Gastronok.

Vanquished Creatures
  A steam dragon (D:4)
  A phantom (D:6)
  2 giant frogs
  5 killer bees (D:7)
  3 hounds
  An orc wizard (D:6)
  2 crimson imps
  Crazy Yiuf (D:5)
  2 iguanas
  3 worker ants
  An ogre skeleton (D:5)
  Ijyb (D:2)
  7 adders
  A worm zombie (D:6)
  4 worms
  A giant mite (D:2)
  An iguana zombie (D:7)
  A giant eyeball (D:7)
  3 giant geckos
  13 orcs
  15 bats
  A bat zombie (D:5)
  6 giant cockroaches
  15 goblins
  13 hobgoblins
  3 jackals (D:7)
  6 kobolds
  2 quokkas
  A ball python (D:1)
  4 giant newts
  A gnoll skeleton (D:7)
  A hobgoblin zombie (D:6)
  A kobold zombie (D:6)
  An orc skeleton (D:4)
  9 rats
133 creatures vanquished.

Vanquished Creatures (collateral kills)
  A jelly (D:5)
  A scorpion (D:5)
  A jackal skeleton (D:5)
  A quokka (D:5)
4 creatures vanquished.

Grand Total: 137 creatures vanquished

Notes
Turn   | Place    | Note
--------------------------------------------------------------
     0 | D:1      | Jenx, the Gargoyle Berserker, began the quest for the Orb.
     0 | D:1      | Reached XP level 1. HP: 14/14 MP: 1/1
   303 | D:1      | Reached XP level 2. HP: 14/19 MP: 2/2
   306 | D:1      | Reached skill level 4 in Maces & Flails
   822 | D:2      | Noticed Ijyb
   838 | D:2      | Killed Ijyb
   838 | D:2      | Reached XP level 3. HP: 23/23 MP: 3/3
   863 | D:2      | Found a deep blue altar of Sif Muna.
   907 | D:2      | Reached skill level 5 in Maces & Flails
   951 | D:2      | Acquired Trog's second power
  1087 | D:2      | Reached XP level 4. HP: 17/28 MP: 4/4
  1940 | D:3      | Reached XP level 5. HP: 28/32 MP: 5/5
  1977 | D:3      | Reached skill level 6 in Maces & Flails
  2278 | D:4      | Reached skill level 1 in Evocations
  2294 | D:4      | Found a white marble altar of Elyvilon.
  2414 | D:4      | Found Tanad's General Store.
  2419 | D:4      | Bought a potion of curing for 24 gold pieces
  2419 | D:4      | Bought a scroll of identify for 24 gold pieces
  2433 | D:4      | Noticed a steam dragon
  2437 | D:4      | Killed a steam dragon
  2437 | D:4      | Acquired Trog's third power
  2437 | D:4      | Reached skill level 7 in Maces & Flails
  2437 | D:4      | Reached XP level 6. HP: 37/37 MP: 6/8
  2836 | D:5      | Entered Level 5 of the Dungeon
  3073 | D:5      | Reached XP level 7. HP: 41/41 MP: 10/10
  3317 | D:5      | Noticed Crazy Yiuf
  3331 | D:5      | Killed Crazy Yiuf
  3411 | D:6      | Reached skill level 8 in Maces & Flails
  3640 | D:6      | Found a staircase to the Ecumenical Temple.
  3660 | Temple   | Entered the Ecumenical Temple
  3825 | D:6      | Got a brightly glowing hand axe {drain}
  3863 | D:6      | Identified the +6,+4 hand axe "Schebon" {drain, -Cast rF+} (You took it off a crimson imp on level 6 of the Dungeon)
  4251 | D:7      | Reached skill level 9 in Maces & Flails
  4251 | D:7      | Reached XP level 8. HP: 44/46 MP: 13/13
  4846 | D:7      | Paralysed by a giant eyeball for 3 turns
  5130 | D:8      | Found a radiant altar of Vehumet.
  5160 | D:8      | Noticed Gastronok
  5208 | D:8      | Slain by Gastronok

Action                   |  1- 3 |  4- 6 |  7- 9 || total
-------------------------+-------+-------+-------++-------
Melee: Mace              |    85 |    63 |       ||   148
       Flail             |       |   150 |   261 ||   411
Throw: Javelin           |       |     3 |    14 ||    17
Invok: Burn Spellbooks   |       |     1 |       ||     1
       Berserk           |       |     1 |     2 ||     3
       Brothers in Arms  |       |     1 |       ||     1
       Trog's Hand       |       |       |     2 ||     2
  Use: Scroll            |       |    11 |     3 ||    14
       Potion            |       |     1 |     2 ||     3
